 Dungeon Crawl Stone Soup version 0.27.0-1-g7a089689b8 (webtiles) character file.

Game seed: 11213428385139020685

868 Delamore the Cutter (level 8, -5/54 HPs)
             Began as an Octopode Brigand on Aug 8, 2021.
             Slain by a killer bee (8 damage)
             ... on level 4 of the Dungeon.
             The game lasted 00:03:53 (3746 turns).

Delamore the Cutter (Octopode Brigand)              Turns: 3746, Time: 00:03:54

Health: -5/54      AC:  1    Str:  7 (10) XL:     8   Next: 3%
Magic:  8/8        EV: 15    Int: 13 (14) God:
Gold:   87         SH:  0    Dex: 18 (21) Spells: 7/7 levels left

rFire    + . .     SeeInvis .   f - +1 dagger (venom)
rCold    + . .     Faith    .   (no shield)
rNeg     . . .     Spirit   .   (helmet restricted)
rPois    +         Reflect  .   m - amulet of the acrobat
rElec    +         Harm     .   g - +6 ring of dexterity
rCorr    +         Rampage  .   (no ring)
Will     .....                  (no ring)
Stlth    ++++......             (no ring)
HPRegen  0.18/turn              (no ring)
MPRegen  0.11/turn              (no ring)
                                (no ring)
                                (no ring)

@: lethally poisoned (-5 -> -8), resistant
A: almost no armour, amphibious, 8 rings, camouflage 1, gelatinous body 1,
(nimble swimmer 1), tentacles
a: no special abilities


You were on level 4 of the Dungeon.
You visited 1 branch of the dungeon, and saw 4 of its levels.
You also visited: Sewer.

You collected 87 gold pieces.

Inventory:

Hand Weapons
 a - a +2 dagger
 f - a +1 dagger of venom (weapon)
 n - a +0 short sword of electrocution
Missiles
 b - 13 poisoned darts (quivered)
 c - 2 curare-tipped darts
Jewellery
 g - a +6 ring of dexterity (left tentacle)
 m - an amulet of the acrobat (around mantle)
Scrolls
 e - a scroll of teleportation
 i - 2 scrolls of immolation
Potions
 d - a potion of haste
 j - a potion of lignification


   Skills:
 + Level 4.7 Fighting
 * Level 6.5 Short Blades
 - Level 2.0 Throwing
 + Level 4.3 Dodging
 - Level 5.3 Stealth


You had 7 spell levels left.
You didn't know any spells.
Your spell library contained the following spells:

 Spells                   Type           Power      Damage    Failure   Level
 Foxfire                  Conj/Fire      0%         2x1d4     30%         1
 Conjure Flame            Conj/Fire      0%         6-21      67%         3
 Inner Flame              Hex/Fire       0%         N/A       67%         3


Dungeon Overview and Level Annotations

Branches:
Dungeon (4/15)              Sewer (visited)
 Temple: D:4-7

Altars:

Annotations:
D:4 1 runed translucent door, SkaryMonk's ghost, amateur DsAK


Innate Abilities, Weirdness & Mutations

You cannot wear most types of armour.
You are amphibious.
You can wear up to eight rings at the same time.
Your skin changes colour to match your surroundings (Stealth+).
Your rubbery body absorbs attacks. (AC +1, EV +1)
((You are camouflaged near water. (Stealth+)))
You have tentacles for arms and can constrict up to eight enemies at once.


Message History

* * * LOW HITPOINT WARNING * * *
You feel very sick. The killer bee barely misses you. x2
It was a potion of heal wounds.
You feel much better.
You constrict the killer bee.
* * * LOW HITPOINT WARNING * * *
You feel very sick. The killer bee stings you.
* * * LOW HITPOINT WARNING * * *
The killer bee barely misses you.
Okay, then.
You barely miss the killer bee.
The killer bee is severely wounded.
You constrict the killer bee.
* * * LOW HITPOINT WARNING * * *
You feel sick. The killer bee closely misses you.
Okay, then.
As you read the scroll labelled SUM ALOAPARUQE, it crumbles to dust.
It is a scroll of enchant armour.
You aren't carrying any armour which can be enchanted further.
You constrict the killer bee.
You kill the killer bee!
* * * LOW HITPOINT WARNING * * *
You feel sick. The killer bee closely misses you.
You have reached level 8!
As you read the scroll labelled ZAPEZX IZYLEOX, it crumbles to dust.
Wisps of shadow whirl around you...
It was a scroll of summoning.
* * * LOW HITPOINT WARNING * * *
You feel sick. The killer bee barely misses you. The killer bee misses you.
You hit the killer bee but do no damage.
The killer bee is poisoned.
You grab the killer bee. You constrict the killer bee.
The killer bee misses you.
You hit the killer bee.
The killer bee looks as sick as possible!
You squeeze the killer bee.
The killer bee is severely wounded.
You constrict the killer bee.
* * * LOW HITPOINT WARNING * * *
You feel sick. The killer bee stings you!
You die...

## # ..# 5#
#.##. .... ... #
#.# #
#.#.###(##.##.>
#..Sy@.W.......
#....K###J#####.
.###. ##.# ..
#..# ## #..#
#####.#####
#≈.≈#.#≈≈.#
#≈.≈#.#P≈P#
..#P.P#.#≈P≈##.


You could see a killer bee (extremely poisoned, ally target), a friendly phantom
(summoned), a friendly jelly (summoned), a friendly adder (summoned) and a
friendly kobold (summoned).

Vanquished Creatures
  Grinder (D:3)
  Sigmund (D:3)
  Purgy (D:3)
  A bullfrog (Sewer)
  4 killer bees (D:4)
  Robin (D:2)
  6 adders
  A worm (D:2)
  4 dart slugs
  An orc (D:3)
  10 ball pythons
  4 bats
  9 endoplasms
  11 giant cockroaches
  12 goblins
  7 hobgoblins
  2 jackals (D:4)
  9 kobolds
  A quokka (Sewer)
  5 frilled lizards
  6 rats
97 creatures vanquished.

Vanquished Creatures (others)
  7 fungi (D:4)
7 creatures vanquished.

Grand Total: 104 creatures vanquished

Notes
Turn   | Place    | Note
-------+----------+-------------------------------------------
     0 | D:1      | Delamore the Octopode Brigand began the quest for the Orb.
     0 | D:1      | Reached XP level 1. HP: 14/14 MP: 1/1
   243 | D:1      | Reached XP level 2. HP: 19/19 MP: 2/2
   610 | D:1      | Reached XP level 3. HP: 23/25 MP: 3/3
   867 | D:1      | Reached skill level 3 in Short Blades
  1155 | D:2      | Reached XP level 4. HP: 20/30 MP: 4/4
  1686 | D:2      | Found a faded altar of an unknown god.
  2038 | D:3      | Noticed Robin
  2104 | D:2      | Killed Robin
  2372 | D:3      | Noticed Sigmund
  2386 | D:3      | Killed Sigmund
  2387 | D:3      | Reached skill level 4 in Short Blades
  2387 | D:3      | Reached XP level 5. HP: 10/36 MP: 5/5
  2387 | D:3      | Reached XP level 6. HP: 12/42 MP: 6/6
  2433 | D:3      | Found a glowing drain.
  2445 | Sewer    | Entered a sewer
  2661 | Sewer    | Reached skill level 5 in Short Blades
  2826 | D:3      | Noticed Purgy
  2829 | D:3      | Killed Purgy
  2830 | D:3      | Reached XP level 7. HP: 48/48 MP: 7/7
  3101 | D:3      | Noticed Grinder
  3112 | D:3      | Killed Grinder
  3113 | D:3      | Reached skill level 6 in Short Blades
  3673 | D:4      | Found a runed translucent door.
  3674 | D:4      | Noticed SkaryMonk's ghost (amateur DsAK)
  3740 | D:4      | HP: 2/49 [poisoned by a killer bee]
  3744 | D:4      | Reached XP level 8. HP: 6/54 MP: 8/8
  3746 | D:4      | Slain by a killer bee

Illustrated notes

Levels and vault maps discovered:
D:1:      evilmike_arrival_crescent, layout_loops_cross, serial_forest,
          infiniplex_forest_lined_corner, infiniplex_forest_straight_2,
          infiniplex_forest_end_3, infiniplex_forest_straight_2,
          infiniplex_forest_fountain, infiniplex_forest_end_3,
          infiniplex_forest_straight_2, infiniplex_forest_straight_3,
          st_stairs_3
D:2:      layout_loops_ring, hellmonk_ecumenical_altar_blasted
D:3:      layout_rooms, portal_sewer_entry_b, kennysheep_cross_bottleneck,
          chequers_garden, grunt_decor_mini_mirrors,
          hangedman_decor_clover_reticule, uniq_robin, uniq_sigmund, uniq_purgy,
          uniq_grinder
D:4:      layout_loops_ring, serial_aquarium, aquarium_bridge_square
          [aquarium_subvault_bridge, aquarium_subvault_bridge,
          aquarium_subvault_bridge, aquarium_subvault_balcony],
          aquarium_bridge_square [aquarium_subvault_bridge,
          aquarium_subvault_bridge, aquarium_subvault_bridge,
          aquarium_subvault_bridge], aquarium_window_1, aquarium_window_fake,
          aquarium_window_corridor_3, aquarium_window_fake, aquarium_view_2a,
          ebering_ghost_reflecting_pool, nicolae_alphabet_shops, moated_statue,
          cheibrodos_gnoll_hut, uniq_pikel

Skill      XL: |  1  2  3  4  5  6  7 |
---------------+----------------------+-----
Short Blades   | 3 4 5 6 |  6.5
Dodging        | 2 3 4 |  4.3
Fighting       | 3 4 |  4.7
Throwing       | |  2.0
Stealth        | |  5.3

Action                   |  1- 3 |  4- 6 |  7- 9 || total
-------------------------+-------+-------+-------++-------
Melee: Dagger            |    48 |    96 |    47 ||   191
       Constrict         |    10 |    26 |     9 ||    45
       Tentacles         |     8 |    20 |    10 ||    38
  Use: Scroll            |       |     4 |     3 ||     7
       Potion            |       |     1 |     3 ||     4
 Stab: Sleeping          |    16 |     7 |     4 ||    27
       Distracted        |       |       |     2 ||     2
Armor: Skin              |     1 |     8 |     3 ||    12
Dodge: Dodged            |    16 |    51 |    32 ||    99
